[Event "Team 45 45 League T44"]
[Site "Internet Chess Club"]
[Date "2010.02.19"]
[Round "3"]
[White "IceBox"]
[Black "MtzKid"]
[Result "0-1"]
[WhiteElo "1704"]
[BlackElo "1542"]
[Opening "Dutch defense, Rubinstein variation"]
[ECO "A40"]
[Time "12:00:13"]
[TimeControl "2700+45"]

1. d4 e6 2. c4 f5 3. Nc3 Nf6 4. e3 c6 5. Bd3 d5 6. Nge2 Bd6 7. Qc2 Ne4 8. Bd2
Qh4 9. g3 Qf6 10. Nf4 Na6 11. a3 g5 12. Ng2 Bd7 13. f3 Nxd2 14. Qxd2 dxc4 15.
Bxc4 b5 16. Be2 Qh6 17. O-O O-O 18. f4 g4 19. e4 Nc7 20. Ne3 Rad8 21. Rad1 a5
22. Bd3 c5 23. d5 b4 24. Nb1 fxe4 25. Bxe4 exd5 26. Nxd5 Nxd5 27. Bxd5+ Kh8 28.
axb4 cxb4 29. Qd4+ Qf6 30. Qxf6+ Rxf6 31. Bg2 a4 32. Nd2 Bb5 33. Rfe1 Bc5+ 34.
Kh1 Rfd6 35. Rc1 Rxd2 36. Rxc5 Be2 37. Kg1 Rxb2 38. Re5 Rdd2 39. Bf1 a3 40. Bxe2
Rxe2 41. R5xe2 Rxe2 42. Rxe2 b3 43. Re8+ Kg7 44. Rb8 a2 {White resigns} 0-1

[Event "Team 45 45 League T44"]
[Site "Internet Chess Club"]
[Date "2010.02.21"]
[Round "3"]
[White "idjit"]
[Black "jofar"]
[Result "0-1"]
[WhiteElo "1655"]
[BlackElo "1727"]
[Opening "Sicilian: Najdorf, 6...e6"]
[ECO "B95"]
[Time "17:02:51"]
[TimeControl "2700+45"]

1. e4 c5 2. Nf3 d6 3. d4 cxd4 4. Nxd4 Nf6 5. Nc3 a6 6. Bg5 e6 7. Qd2 h6 8. Be3
Be7 9. O-O-O O-O 10. Bd3 Nc6 11. Nxc6 bxc6 12. h4 Ng4 13. h5 d5 14. Ne2 e5 15.
exd5 cxd5 16. f3 Nxe3 17. Qxe3 Qc7 18. Kb1 Rb8 19. Nc3 Bc5 20. Nxd5 Rxb2+ 21.
Kc1 Bxe3+ {White resigns} 0-1

[Event "Team 45 45 League T44"]
[Site "Internet Chess Club"]
[Date "2010.02.20"]
[Round "3"]
[White "egd01"]
[Black "mongmong"]
[Result "1-0"]
[WhiteElo "1546"]
[BlackElo "1571"]
[Opening "French: exchange, Svenonius variation"]
[ECO "C01"]
[Time "17:42:36"]
[TimeControl "2700+45"]

1. e4 e6 2. d4 d5 3. exd5 exd5 4. Nc3 Nf6 5. Bg5 c6 6. Qd2 Be7 7. O-O-O O-O 8.
Bd3 Bb4 9. a3 Qa5 10. Bxf6 Bxc3 11. Qg5 g6 12. Qh6 {Black resigns} 1-0

[Event "Team 45 45 League T44"]
[Site "Internet Chess Club"]
[Date "2010.02.24"]
[Round "3"]
[White "LucaTrapani"]
[Black "SlimeDog2"]
[Result "0-1"]
[WhiteElo "1976"]
[BlackElo "2129"]
[Opening "Grünfeld: Stockholm variation"]
[ECO "D80"]
[Time "20:01:37"]
[TimeControl "2700+45"]

1. d4 Nf6 2. c4 g6 3. Nc3 d5 4. Bg5 Ne4 5. Bf4 Nxc3 6. bxc3 Bg7 7. Nf3 c5 8. e3
Nc6 9. cxd5 Qxd5 10. Be2 cxd4 11. cxd4 O-O 12. O-O Bf5 13. Qa4 Rac8 14. Rac1 a6
15. Rc5 Qd7 16. Rfc1 Nxd4 17. Qxd7 Nxe2+ 18. Kf1 Bxd7 19. Kxe2 Rxc5 20. Rxc5 Rc8
21. Rxc8+ Bxc8 22. Be5 f6 23. Bc3 e5 24. Nd2 Kf7 25. Ne4 Ke6 26. Kd3 Kd5 27. Nd2
Bf8 28. e4+ Kc5 29. Nb3+ Kb5 30. f4 Bd6 31. fxe5 fxe5 32. Nd2 Be6 33. a3 Ka4 34.
Nf3 b5 35. Bxe5 Bxe5 36. Nxe5 Kxa3 37. Nc6 b4 38. Nd4 b3 {White resigns} 0-1

[Event "Team 45 45 League T44"]
[Site "Internet Chess Club"]
[Date "2010.02.21"]
[Round "3"]
[White "musk6868"]
[Black "Troparion"]
[Result "0-1"]
[WhiteElo "1829"]
[BlackElo "1784"]
[Opening "KGD: classical variation"]
[ECO "C30"]
[Time "21:04:30"]
[TimeControl "2700+45"]

1. e4 e5 2. f4 Bc5 3. Bc4 d6 4. Nf3 Nf6 5. Nc3 Nc6 6. f5 Na5 7. d3 Nxc4 8. dxc4
a6 9. Qe2 Bd7 10. Bg5 h6 11. Bh4 c6 12. O-O-O Qc7 13. h3 Ng8 14. g4 f6 15. Bg3
O-O-O 16. h4 Ne7 17. Rhe1 Be8 18. Bf2 Bxf2 19. Qxf2 Kb8 20. Rd3 Bf7 21. Nd2 d5
22. cxd5 cxd5 23. exd5 Nxd5 24. Nde4 Nf4 25. Rxd8+ Rxd8 26. g5 fxg5 27. hxg5
hxg5 28. Nxg5 Bxa2 29. Nxa2 Nd3+ 30. Kb1 Nxf2 31. Ne6 Qd7 32. Nxd8 Qxd8 33. Nc3
e4 34. Rf1 e3 35. Ne2 Qd2 {White resigns} 0-1

[Event "Team 45 45 League T44"]
[Site "Internet Chess Club"]
[Date "2010.02.24"]
[Round "3"]
[White "MisticKnights"]
[Black "dinkola"]
[Result "1-0"]
[WhiteElo "1968"]
[BlackElo "1689"]
[Opening "King's Indian: fianchetto, Yugoslav, 7.O-O"]
[ECO "E65"]
[Time "09:00:36"]
[TimeControl "2700+45"]

1. c4 Nf6 2. Nc3 g6 3. Nf3 d6 4. g3 Bg7 5. Bg2 O-O 6. O-O c5 7. d4 Nbd7 8. e4
cxd4 9. Nxd4 a6 10. Be3 Ne5 11. Qe2 Qc7 12. Nd5 Nxd5 13. cxd5 Qc4 14. Qd2 Qd3
15. Rfd1 Qxd2 16. Bxd2 Bd7 17. Rac1 Bg4 18. Rf1 Nd3 19. Rc3 Nxb2 20. Be3 Nd1 21.
Rc7 Nxe3 22. fxe3 Bh6 23. Kf2 e5 24. dxe6 fxe6+ 25. Nf3 Rac8 26. Rfc1 Rxc7 27.
Rxc7 Rf7 28. Rc8+ Bf8 29. h3 Bxf3 30. Bxf3 e5 31. Ke2 Kg7 32. Bg4 Kf6 33. h4 h5
34. Bh3 Kg7 35. Be6 Re7 36. Bd5 b5 37. Ra8 Rc7 38. Kd2 Be7 39. Rxa6 g5 40. hxg5
Bxg5 41. Rb6 h4 42. gxh4 Bxh4 43. Rxb5 Kf6 44. Ra5 Rg7 45. Ra6 Rg2+ 46. Kd3 Ke7
47. Ra7+ Kd8 48. a4 Be1 49. Be6 Rd2+ 50. Kc4 Bf2 51. a5 Bxe3 52. Rd7+ Ke8 53. a6
Ra2 54. Kb5 Rb2+ 55. Ka4 Rb6 56. Ka5 Rb8 57. a7 Ra8 58. Ka6 Bc5 59. Rh7 Rxa7+
60. Rxa7 Bxa7 61. Kxa7 Ke7 62. Bd5 Kd7 63. Kb7 {Black resigns} 1-0

[Event "Team 45 45 League T44"]
[Site "Internet Chess Club"]
[Date "2010.02.19"]
[Round "3"]
[White "tightfist"]
[Black "Frankly"]
[Result "1-0"]
[WhiteElo "1501"]
[BlackElo "1744"]
[Opening "Richter-Veresov attack"]
[ECO "D01"]
[Time "14:33:05"]
[TimeControl "2700+45"]

1. Nc3 d5 2. d4 Nf6 3. Bg5 Bf5 4. Nf3 c6 5. e3 e6 6. Bd3 Be7 7. O-O Ne4 8. Bxe7
Qxe7 9. Bxe4 Bxe4 10. Nxe4 dxe4 11. Ne5 Nd7 12. Nxd7 Qxd7 13. Qg4 f5 14. Qf4
O-O-O 15. Qe5 g5 16. c4 h5 17. Qa5 Kb8 18. Rfd1 Rhg8 19. Rd2 Qf7 20. Rc1 Qg7 21.
Rcd1 f4 22. Qe5+ Qxe5 23. dxe5 Rxd2 24. Rxd2 fxe3 25. fxe3 Kc7 26. c5 Rd8 27.
Rd6 Re8 28. b4 Re7 29. Kf2 b6 30. Kg3 Rd7 31. Rxd7+ Kxd7 32. h4 bxc5 33. bxc5
Ke7 34. hxg5 Kf7 35. Kh4 Kg6 36. g4 hxg4 37. Kxg4 Kg7 38. Kh5 Kh7 39. g6+ Kg7
40. Kg5 a6 41. a3 a5 42. a4 Kg8 43. Kf6 Kf8 44. Kxe6 Kg7 45. Kd6 Kxg6 46. Kd7
{Black resigns} 1-0

[Event "Team 45 45 League T44"]
[Site "Internet Chess Club"]
[Date "2010.02.20"]
[Round "3"]
[White "GeofDeV"]
[Black "natethegreat"]
[Result "1-0"]
[WhiteElo "1888"]
[BlackElo "1912"]
[Opening "King's Indian: Andersson variation"]
[ECO "E92"]
[Time "13:13:10"]
[TimeControl "2700+45"]

1. d4 Nf6 2. c4 g6 3. Nc3 Bg7 4. e4 d6 5. Nf3 O-O 6. Be2 e5 7. dxe5 dxe5 8. Qxd8
Rxd8 9. Bg5 Re8 10. O-O-O c6 11. Rd6 Be6 12. Rhd1 Na6 13. Nxe5 Nxe4 14. Nxe4
Bxe5 15. Nf6+ Bxf6 16. Bxf6 Nc5 17. f3 Bf5 18. Bf1 h5 19. h3 a5 20. b3 Na6 21.
g4 Be6 22. gxh5 gxh5 23. Bd3 Nc5 24. Rg1+ Bg4 25. fxg4 {Black resigns} 1-0

[Event "Team 45 45 League T44"]
[Site "Internet Chess Club"]
[Date "2010.02.18"]
[Round "3"]
[White "avila"]
[Black "jefferyx"]
[Result "0-1"]
[WhiteElo "1741"]
[BlackElo "2120"]
[Opening "Sicilian: Anderssen variation"]
[ECO "B41"]
[Time "17:20:23"]
[TimeControl "2700+45"]

1. e4 c5 2. Nf3 e6 3. d4 cxd4 4. Nxd4 Nf6 5. Nc3 Nc6 6. Be3 Bb4 7. Bd3 d5 8. Bb5
Qc7 9. e5 Ne4 10. Qd3 a6 11. Bxc6+ bxc6 12. Nf3 a5 13. Bd2 Ba6 14. Qe3 Bc5 15.
Nd4 Qxe5 16. Nxe4 Bxd4 17. Bc3 Qxe4 18. Bxd4 Qxc2 19. Rc1 Qa4 20. Bc5 Qg4 21. f3
Qxg2 22. Rg1 Qxb2 23. Bd4 Qb4+ 24. Bc3 Qh4+ 25. Kd1 d4 26. Bxd4 Rd8 27. Rg4 Qxh2
28. Ke1 Qh1+ 29. Qg1 Qxf3 30. Rc2 Qd3 31. Rd2 Qb1+ 32. Kf2 Qf5+ 33. Ke1 e5 34.
Be3 Rxd2 35. Bxd2 Qb1+ 36. Kf2 Qxa2 37. Qe1 Qe6 38. Bc3 Qxg4 39. Qxe5+ Kd7 40.
Qxa5 Qe2+ 41. Kg3 h5 42. Qf5+ Qe6 43. Qxe6+ Kxe6 {White resigns} 0-1

[Event "Team 45 45 League T44"]
[Site "Internet Chess Club"]
[Date "2010.02.20"]
[Round "3"]
[White "pishd"]
[Black "vkpanch"]
[Result "1/2-1/2"]
[WhiteElo "1676"]
[BlackElo "1700"]
[Opening "King's Indian: London system"]
[ECO "A48"]
[Time "11:32:48"]
[TimeControl "2700+45"]

1. d4 Nf6 2. Nf3 g6 3. Bf4 Bg7 4. e3 d6 5. h3 O-O 6. Be2 Nbd7 7. O-O c5 8. c3 b6
9. a4 Bb7 10. a5 bxa5 11. Qa4 Qb6 12. Nbd2 Bc6 13. Qa3 Rfb8 14. Nc4 Qb5 15. Qxa5
Qxa5 16. Nxa5 Rxb2 17. Nxc6 Rxe2 18. Nxe7+ Kh8 19. Ng5 Bf8 20. Nc6 Kg7 21. Nxa7
Rc2 22. Nb5 Rxa1 23. Rxa1 h6 24. Nf3 Ne4 25. dxc5 Ndxc5 26. Rf1 Rb2 27. Nfd4 Ne6
28. Bh2 Nxd4 29. Nxd4 Nxc3 30. Rc1 Rd2 31. f3 Nd1 32. Nc2 Nc3 33. Nd4 Nd1 34.
Nc2 Be7 35. e4 Nc3 36. Nd4 Bf6 37. e5 dxe5 38. Ne6+ fxe6 39. Rxc3 Rd1+ 40. Kf2
Bh4+ 41. Ke2 Re1+ 42. Kd2 Kf6 43. Re3 Bg5 44. Bxe5+ {Game drawn by mutual
agreement} 1/2-1/2

[Event "Team 45 45 League T44"]
[Site "Internet Chess Club"]
[Date "2010.02.19"]
[Round "3"]
[White "soccerisfun"]
[Black "OOB1"]
[Result "1-0"]
[WhiteElo "1602"]
[BlackElo "1555"]
[Opening "Sicilian defense"]
[ECO "B32"]
[Time "21:16:15"]
[TimeControl "2700+45"]

1. e4 c5 2. Nf3 Nc6 3. d4 cxd4 4. Bf4 e5 5. Bg3 Nf6 6. c3 Nxe4 7. cxd4 Qa5+ 8.
Nbd2 Bb4 9. dxe5 Nxd2 10. Nxd2 O-O 11. a3 Bxd2+ 12. Qxd2 Qxd2+ 13. Kxd2 Re8 14.
f4 Nd4 15. Kc3 Nf5 16. Rd1 Re6 17. Bd3 Rc6+ 18. Kd2 d6 19. Rhe1 Be6 20. Bxf5
Bxf5 21. Rc1 Rb6 22. b4 dxe5 23. fxe5 Rd8+ 24. Ke2 Rd3 25. Rf1 g6 26. Rxf5 Rxg3
27. Rc8+ Kg7 28. Rxf7+ Kxf7 29. hxg3 Re6 30. Rc7+ Re7 31. Rxe7+ Kxe7 32. Ke3 Ke6
33. Ke4 b5 34. g4 h6 35. Kd4 a6 36. Ke4 h5 37. gxh5 gxh5 38. g3 Ke7 39. Kd5 Kd7
40. Kc5 Ke6 41. Kb6 Kxe5 42. Kxa6 Ke4 43. Kxb5 Kf3 44. a4 Kxg3 45. a5 h4 46. a6
h3 47. a7 {Black resigns} 1-0

[Event "Team 45 45 League T44"]
[Site "Internet Chess Club"]
[Date "2010.02.21"]
[Round "3"]
[White "toolate"]
[Black "monsterpawn"]
[Result "0-1"]
[WhiteElo "1776"]
[BlackElo "1913"]
[Opening "Sicilian: Smith-Morra gambit"]
[ECO "B21"]
[Time "17:01:11"]
[TimeControl "2700+45"]

1. e4 c5 2. d4 cxd4 3. c3 dxc3 4. Nxc3 Nc6 5. Nf3 e6 6. Bf4 Nge7 7. Nb5 Qa5+ 8.
Bd2 Qb6 9. Nd6+ Kd8 10. Nxf7+ Ke8 11. Nxh8 Qxb2 12. Bc4 g6 13. Nxg6 hxg6 14. O-O
Ne5 15. Rb1 Nxf3+ 16. Qxf3 Qxd2 17. Rfd1 Qh6 18. Rb3 a6 19. Qg4 Nc6 20. Rh3 Qg7
21. f4 d5 22. Bb3 Bc5+ 23. Kh1 Nd4 24. exd5 e5 25. Qh4 Bxh3 26. Qxh3 exf4 27.
Re1+ Kd8 28. Qh4+ g5 29. Qh5 Kc7 30. Rc1 Nxb3 31. axb3 Kb6 32. Qe2 Qe7 33. Qc4
Re8 34. h3 Qe1+ 35. Qf1 Qxf1+ 36. Rxf1 Kb5 {White resigns} 0-1

[Event "Team 45 45 League T44"]
[Site "Internet Chess Club"]
[Date "2010.02.22"]
[Round "3"]
[White "Marichan"]
[Black "Nosferatu1"]
[Result "1/2-1/2"]
[WhiteElo "1966"]
[BlackElo "1830"]
[Opening "Sicilian, Szén (`anti-Taimanov') variation"]
[ECO "B44"]
[Time "17:05:38"]
[TimeControl "2700+45"]

1. e4 c5 2. Nf3 e6 3. d4 cxd4 4. Nxd4 Nc6 5. Nb5 d6 6. c4 a6 7. N5c3 Nf6 8. Be2
Be7 9. O-O O-O 10. Be3 Ne5 11. f4 Ng6 12. Nd2 Bd7 13. Nb3 Bc6 14. Qc2 Qc7 15.
Rad1 Rab8 16. Nd4 b5 17. cxb5 Bxb5 18. Ncxb5 Qxc2 19. Nxc2 axb5 20. Bd3 d5 21.
e5 Nd7 22. Nd4 Bc5 23. Nc2 Rfc8 24. Bd4 b4 25. b3 Bxd4+ 26. Nxd4 Rc3 27. g3 Ne7
{Game drawn by mutual agreement} 1/2-1/2

[Event "Team 45 45 League T44"]
[Site "Internet Chess Club"]
[Date "2010.02.18"]
[Round "3"]
[White "MidasMulligan"]
[Black "guttata"]
[Result "0-1"]
[WhiteElo "1681"]
[BlackElo "2068"]
[Opening "Sicilian: Najdorf, Byrne (English) attack"]
[ECO "B90"]
[Time "16:00:16"]
[TimeControl "2700+45"]

1. e4 c5 2. Nf3 d6 3. d4 cxd4 4. Nxd4 Nf6 5. Nc3 a6 6. Be3 e5 7. Nb3 Be6 8. f3
Nbd7 9. Qd2 b5 10. O-O-O Be7 11. g4 Nb6 12. g5 Nfd7 13. Nd5 Bxd5 14. exd5 Rc8
15. h4 Nc4 16. Qe2 Nxe3 17. Qxe3 Nb6 18. Kb1 O-O 19. Bd3 g6 20. Be4 Nc4 21. Qf2
a5 22. h5 Bxg5 23. Qh2 Rc7 24. hxg6 fxg6 25. Bxg6 hxg6 26. Qh8+ Kf7 27. Qh7+ Kf6
28. Qh3 Qc8 29. Qg3 Qf5 30. f4 Bxf4 31. Qe1 Ne3 32. Rd4 Qxc2+ {White resigns}
0-1

[Event "Team 45 45 League T44"]
[Site "Internet Chess Club"]
[Date "2010.02.21"]
[Round "3"]
[White "dpawn"]
[Black "zachi"]
[Result "0-1"]
[WhiteElo "1835"]
[BlackElo "1932"]
[Opening "Trompowsky attack (Ruth, Opocenský opening)"]
[ECO "A45"]
[Time "01:04:03"]
[TimeControl "2700+45"]

1. d4 Nf6 2. Bg5 e6 3. Nc3 Bb4 4. Nf3 h6 5. Bh4 g5 6. Bg3 Ne4 7. Qd3 d5 8. Ne5
Nc6 9. Nxc6 bxc6 10. Be5 f6 11. f3 fxe5 12. fxe4 dxe4 13. Qxe4 exd4 14. Qg6+ Kf8
15. Rd1 e5 16. Rd3 g4 17. h3 Qd6 18. Qxd6+ cxd6 19. a3 dxc3 20. axb4 cxb2 21.
Rb3 Rb8 22. Rxb2 a5 23. c3 axb4 24. Rxb4 Rxb4 25. cxb4 Ke7 26. e3 gxh3 27. gxh3
Bf5 28. Bg2 d5 29. b5 cxb5 30. Bxd5 Rd8 31. Bc6 Rc8 32. Bf3 Rc1+ 33. Kd2 Rxh1
34. Bxh1 Bxh3 35. Kc3 Bf1 36. Bf3 Kd6 37. Kb4 Bd3 38. Bb7 h5 39. Kc3 Bf1 40. Kd2
h4 41. Ke1 Bc4 42. Be4 h3 {White resigns} 0-1

[Event "Team 45 45 League T44"]
[Site "Internet Chess Club"]
[Date "2010.02.21"]
[Round "3"]
[White "mfeatherston"]
[Black "OxidisedLizard"]
[Result "1/2-1/2"]
[WhiteElo "1913"]
[BlackElo "1781"]
[Opening "Scotch gambit"]
[ECO "C44"]
[Time "10:00:17"]
[TimeControl "2700+45"]

1. e4 e5 2. Nf3 Nc6 3. d4 exd4 4. Bc4 Bc5 5. c3 dxc3 6. Bxf7+ Kxf7 7. Qd5+ Kf8
8. Qxc5+ Qe7 9. Qxe7+ Ngxe7 10. Nxc3 d5 11. exd5 Nb4 12. Kd2 Nexd5 13. Nxd5 Nxd5
14. b3 c5 15. Ba3 b6 16. Rae1 Nf4 17. Rhg1 Bf5 18. Ne5 Rd8+ 19. Ke3 Ng6 20. Rd1
Re8 21. f4 Nxe5 22. fxe5 Ke7 23. Bb2 Rd8 24. h3 h5 25. Rgf1 g6 26. Kf4 Rhf8 27.
Ke3 {Game drawn by mutual agreement} 1/2-1/2

[Event "Team 45 45 League T44"]
[Site "Internet Chess Club"]
[Date "2010.02.19"]
[Round "3"]
[White "MOchess-boy"]
[Black "Grenadier"]
[Result "1/2-1/2"]
[WhiteElo "1789"]
[BlackElo "1698"]
[Opening "Old Indian defense"]
[ECO "A53"]
[Time "20:00:33"]
[TimeControl "2700+45"]

1. d4 Nf6 2. c4 d6 3. Nc3 Nbd7 4. e4 e5 5. d5 Be7 6. Bd3 Nc5 7. Bc2 Bg4 8. Nge2
O-O 9. h3 Bh5 10. O-O a5 11. Be3 b6 12. a3 Qc8 13. Qd2 Qa6 14. b4 Ncd7 15. Bd3
Qb7 16. Rfb1 axb4 17. axb4 Rxa1 18. Rxa1 Ra8 19. Qb2 h6 20. Ng3 Bg6 21. Nb5 c6
22. dxc6 Qxc6 23. f3 Nh5 24. Nf5 Bxf5 25. exf5 Nf4 26. Be4 Rxa1+ 27. Qxa1 Qxc4
28. Qa8+ Bf8 29. Bxf4 exf4 30. Na7 Qxb4 31. Nc6 Qe1+ 32. Kh2 Qg3+ {Game drawn by
mutual agreement} 1/2-1/2

[Event "Team 45 45 League T44"]
[Site "Internet Chess Club"]
[Date "2010.02.20"]
[Round "3"]
[White "GoIrish"]
[Black "civilization"]
[Result "0-1"]
[WhiteElo "1592"]
[BlackElo "1640"]
[Opening "Réti: King's Indian attack (Barcza system)"]
[ECO "A07"]
[Time "21:07:13"]
[TimeControl "2700+45"]

1. Nf3 d5 2. g3 c6 3. Bg2 Bg4 4. O-O Nd7 5. d3 e5 6. Nbd2 Ngf6 7. h3 Bh5 8. e4
dxe4 9. dxe4 Be7 10. Qe1 O-O 11. Nc4 Qc7 12. Bd2 Bg6 13. Nh4 Rfe8 14. Nxg6 fxg6
15. Bc3 Bf8 16. Rd1 b5 17. Ne3 a5 18. Qe2 Kh8 19. Ng4 b4 20. Bd2 c5 21. f4 c4
22. fxe5 Nxg4 23. Qxg4 Nxe5 24. Qe2 Bd6 25. Bf4 Rf8 26. Rd5 Rad8 27. Rfd1 c3 28.
b3 Nf7 29. Qb5 Bxf4 30. gxf4 Rxd5 31. exd5 Rb8 32. Qc6 Qxf4 33. Rf1 Qe3+ 34. Kh1
Ng5 35. Qd6 Rg8 36. Qf4 Qxf4 37. Rxf4 Rd8 38. d6 Ne6 39. Rc4 Rxd6 40. Re4 h5 41.
Re5 Nf4 42. Rxa5 Nxg2 43. Kxg2 Rd2+ 44. Kf3 Rxc2 45. Rb5 Rxa2 46. Rxb4 Kg8 47.
Rc4 c2 48. b4 Rb2 49. b5 Kf7 50. b6 Kf6 51. h4 Ke5 52. Ke3 Rxb6 53. Rxc2 Rb4 54.
Rc5+ Kf6 55. Rc6+ Kf7 56. Rc7+ Kg8 57. Rc5 Rxh4 58. Rg5 Kh7 59. Kf3 Kh6 60. Rg1
g5 61. Rg2 Rf4+ 62. Ke3 Ra4 63. Rf2 h4 64. Rf8 Kh5 65. Kf3 Ra3+ 66. Kg2 h3+ 67.
Kh2 Kg4 68. Rh8 Ra2+ 69. Kh1 Kg3 {White resigns} 0-1

[Event "Team 45 45 League T44"]
[Site "Internet Chess Club"]
[Date "2010.02.21"]
[Round "3"]
[White "DAISYAGERS"]
[Black "Loki"]
[Result "1-0"]
[WhiteElo "1887"]
[BlackElo "1884"]
[Opening "Pirc: Austrian attack, dragon formation"]
[ECO "B09"]
[Time "23:06:06"]
[TimeControl "2700+45"]

1. e4 d6 2. d4 Nf6 3. Nc3 g6 4. f4 Bg7 5. Nf3 c5 6. Bb5+ Bd7 7. Bxd7+ Nfxd7 8.
d5 O-O 9. O-O a6 10. f5 b5 11. fxg6 hxg6 12. Ng5 Qb6 13. Qg4 Nf6 14. Qh3 Nbd7
15. e5 dxe5 16. d6 Rfe8 17. Nce4 Qc6 18. Be3 Nf8 19. Qf3 Nxe4 20. Nxe4 Kh8 21.
dxe7 Rxe7 22. Bxc5 Rd7 23. Bxf8 Rxf8 24. Qh3+ Kg8 25. Ng5 Rfd8 26. Qh7+ Kf8 27.
Nxf7 Rxf7 28. Rxf7+ Kxf7 29. Rf1+ Ke8 30. Qg8+ Kd7 31. Rd1+ {Black resigns} 1-0

[Event "Team 45 45 League T44"]
[Site "Internet Chess Club"]
[Date "2010.02.20"]
[Round "3"]
[White "MegaFish"]
[Black "Charlemagne"]
[Result "0-1"]
[WhiteElo "1816"]
[BlackElo "1690"]
[Opening "Blackmar gambit"]
[ECO "D00"]
[Time "21:00:33"]
[TimeControl "2700+45"]

1. d4 d5 2. e4 dxe4 3. Nc3 e5 4. dxe5 Qxd1+ 5. Kxd1 Nc6 6. Nd5 Bg4+ 7. f3 O-O-O
8. fxg4 Rxd5+ 9. Ke1 Nxe5 10. h3 Bb4+ 11. Kf2 Ne7 12. Bf4 N7g6 13. Be3 Rhd8 14.
c4 Rd1 15. Rxd1 Rxd1 16. Be2 Be1+ {White resigns} 0-1

[Event "Team 45 45 League T44"]
[Site "Internet Chess Club"]
[Date "2010.02.20"]
[Round "3"]
[White "blizzard13"]
[Black "Itzsoweezee"]
[Result "0-1"]
[WhiteElo "1385"]
[BlackElo "1542"]
[Opening "French: advance, Euwe variation"]
[ECO "C02"]
[Time "06:00:07"]
[TimeControl "2700+45"]

1. e4 e6 2. d4 d5 3. e5 c5 4. c3 Nc6 5. Nf3 Bd7 6. Be2 Nge7 7. Na3 Ng6 8. Bg5
Be7 9. Bxe7 Qxe7 10. Nb5 O-O 11. O-O a6 12. Nd6 b6 13. a4 f6 14. Bd3 fxe5 15.
Bxg6 hxg6 16. Qd3 e4 17. Nxe4 dxe4 18. Qxe4 Qf6 19. Rad1 Ne7 20. Rd3 Bxa4 21.
Rd2 Bc6 22. Qg4 Bxf3 23. gxf3 Qxf3 24. Qxe6+ Kh8 25. Rfd1 Nf5 26. Rd3 Qg4+ 27.
Kh1 Rae8 28. Qxb6 Nh4 29. Qc6 c4 30. Rg3 Qxd1+ {White resigns} 0-1

[Event "Team 45 45 League T44"]
[Site "Internet Chess Club"]
[Date "2010.02.22"]
[Round "3"]
[White "Freitac"]
[Black "DaMaGor"]
[Result "1/2-1/2"]
[WhiteElo "2009"]
[BlackElo "1992"]
[Opening "Dutch: Leningrad, main variation"]
[ECO "A87"]
[Time "18:00:56"]
[TimeControl "2700+45"]

1. d4 f5 2. c4 Nf6 3. g3 g6 4. Bg2 Bg7 5. Nf3 O-O 6. O-O d6 7. b3 Qe8 8. Bb2 Ne4
9. Nbd2 Nxd2 10. Qxd2 Nc6 11. d5 Ne5 12. Nxe5 dxe5 13. f4 e4 14. Bxg7 Kxg7 15.
Qd4+ Kg8 16. Rad1 a5 17. e3 c6 18. Qc5 Bd7 19. Rd2 Ra6 20. Rfd1 Rf6 21. dxc6
Rfxc6 22. Qd5+ Be6 23. Qb5 Ra8 24. Qxb7 Rcc8 25. Qb6 Rc6 26. Qd8 Kf7 27. Qxe8+
Kxe8 28. Bf1 a4 29. Rc1 axb3 30. axb3 Rb8 31. Rc3 Rd6 32. Rb2 Rdb6 33. Kf2 Kd7
34. Ke1 Kc6 35. Kd2 Kc5 36. Be2 Ra8 37. Rc1 Ra3 38. Kc3 Rb4 39. Kc2 Rb8 40. Kc3
Rb4 41. Kc2 Rb8 42. b4+ Rxb4 {Game drawn by mutual agreement} 1/2-1/2

[Event "Team 45 45 League T44"]
[Site "Internet Chess Club"]
[Date "2010.02.19"]
[Round "3"]
[White "inafewminutes"]
[Black "Uragon-bocho"]
[Result "1-0"]
[WhiteElo "1962"]
[BlackElo "2059"]
[Opening "Sicilian: Nimzovich-Rubinstein variation"]
[ECO "B29"]
[Time "03:11:52"]
[TimeControl "2700+45"]

1. e4 c5 2. Nf3 Nf6 3. Nc3 e6 4. d4 cxd4 5. Nxd4 Nc6 6. g3 a6 7. Bg2 Bc5 8. Be3
Bb4 9. O-O Bxc3 10. bxc3 O-O 11. c4 Na5 12. e5 Ne8 13. c5 Nc4 14. Bf4 Qc7 15.
Nb3 Nxe5 16. Re1 f6 17. Qh5 Qd8 18. Rad1 Qe7 19. Be4 g6 20. Qe2 Nf7 21. Na5 e5
22. Qc4 Kg7 23. Bc1 Rb8 24. Qc3 Nd8 25. Nc4 Nc6 26. Qe3 Kh8 27. f4 exf4 28. gxf4
Ng7 29. Qf2 Qe6 30. Nd6 Qg4+ 31. Kh1 Nf5 32. Bxf5 gxf5 33. Rg1 Qh5 34. Qg2 Qg6
35. Qh3 {Black resigns} 1-0

[Event "Team 45 45 League T44"]
[Site "Internet Chess Club"]
[Date "2010.02.19"]
[Round "3"]
[White "MeanMrMustard"]
[Black "Chris2p2"]
[Result "0-1"]
[WhiteElo "1894"]
[BlackElo "1787"]
[Opening "Scandinavian (center counter) defense"]
[ECO "B01"]
[Time "21:22:35"]
[TimeControl "2700+45"]

1. e4 d5 2. exd5 Qxd5 3. Nc3 Qa5 4. d4 Nf6 5. Bc4 c6 6. Bd2 Bf5 7. Nf3 Nbd7 8.
Qe2 Qc7 9. Bg5 h6 10. Bh4 e6 11. Bd3 Bxd3 12. Qxd3 Bd6 13. h3 g5 14. Nxg5 hxg5
15. Bxg5 Bf4 16. Bxf4 Qxf4 17. Qe3 Qxe3+ 18. fxe3 Nd5 19. Kd2 Nxc3 20. Kxc3 Ke7
21. g4 Rh4 22. Rag1 Rah8 23. Rg3 Nf6 {White resigns} 0-1

[Event "Team 45 45 League T44"]
[Site "Internet Chess Club"]
[Date "2010.02.18"]
[Round "3"]
[White "whiskeytown"]
[Black "lnielsen"]
[Result "0-1"]
[WhiteElo "1406"]
[BlackElo "1786"]
[Opening "Sicilian defense"]
[ECO "B40"]
[Time "15:02:12"]
[TimeControl "2700+45"]

1. e4 c5 2. Nf3 e6 3. d3 g6 4. g3 Bg7 5. Bg2 Nc6 6. Nc3 Nge7 7. Nb5 d6 8. O-O
O-O 9. Re1 Qa5 10. Nxd6 b5 11. Nxc8 Raxc8 12. c3 Rfd8 13. e5 c4 14. d4 Nd5 15.
Ng5 Nce7 16. Be3 Bh6 17. Bd2 Qb6 18. Nxf7 Bxd2 19. Nxd8 Bxe1 20. Qxe1 Rxd8 21.
Qe4 Rf8 22. Qh4 Nf5 23. Qg5 Qd8 24. Qxd8 Rxd8 25. Be4 a5 26. a3 Kg7 27. Kg2 g5
28. Rh1 h5 29. Re1 Nfe7 30. Re2 Rf8 31. Rd2 h4 32. Re2 Rh8 33. Rd2 g4 34. Re2
Kh6 35. Rd2 Kg5 36. Re2 Nb6 37. Bc2 a4 38. Be4 Nd7 39. Rd2 Nb8 40. Re2 Nbc6 41.
Rd2 Rd8 42. Rd1 Nxe5 43. Re1 Nf7 44. Bb7 Rd6 45. Be4 Nf5 46. Bxf5 h3+ 47. Kg1
Kxf5 48. Kf1 Rd5 49. Re2 Ng5 50. Re5+ Rxe5 51. dxe5 Kxe5 52. Kg1 Ke4 53. Kf1 Kf3
54. Kg1 e5 55. Kf1 Ne4 56. Kg1 Nd2 57. b4 {White resigns} 0-1

[Event "Team 45 45 League T44"]
[Site "Internet Chess Club"]
[Date "2010.02.22"]
[Round "3"]
[White "bgolev"]
[Black "adh2050"]
[Result "0-1"]
[WhiteElo "1845"]
[BlackElo "2013"]
[Opening "English: symmetrical, Botvinnik system reversed"]
[ECO "A37"]
[Time "21:47:25"]
[TimeControl "2700+45"]

1. Nf3 c5 2. c4 Nc6 3. Nc3 g6 4. g3 Bg7 5. Bg2 e5 6. O-O Nge7 7. e4 O-O 8. d3 d6
9. a3 h6 10. Rb1 a5 11. b3 Bd7 12. Qc2 Bg4 13. Be3 f5 14. h3 Bxf3 15. Bxf3 f4
16. gxf4 exf4 17. Bd2 Nd4 18. Qd1 Nec6 19. Nd5 Nxf3+ 20. Qxf3 Ne5 21. Qg2 f3 22.
Qg3 g5 23. Bc3 h5 24. d4 h4 25. Qh2 cxd4 26. Bxd4 Kh7 27. Rfd1 Rf7 28. Ne3 Qh8
29. Nf5 Rxf5 30. exf5 Rf8 31. Ba1 Rd8 32. Rd5 Qf8 33. Rxe5 dxe5 {White forfeits
on time} 0-1